 Dungeon Crawl Stone Soup version 0.29.1 (webtiles) character file.

Game seed: 6233290825263150551

116592 qw the Severer (level 16, -9/104 HPs)
             Began as a Gargoyle Fighter on Sept 13, 2022.
             Was a High Priest of Okawaru.
             Mangled by a merfolk impaler
             ... wielding a +3 trident of flaming
              (12 damage)
             ... on level 2 of the Shoals.
             The game lasted 00:11:47 (23325 turns).

qw the Severer (Gargoyle Fighter)                  Turns: 23325, Time: 00:11:48

Health: -9/104     AC: 49    Str: 36    XL:     16   Next: 71%
Magic:  23/23      EV:  9    Int:  8    God:    Okawaru [*****.]
Gold:   631        SH: 14    Dex: 10    Spells: 15/15 levels left

rFire   + + .      SeeInvis .   C - +1 broad axe (venom)
rCold   + . .      Faith    .   f - +0 kite shield
rNeg    + . .      Spirit   .   a - +1 crystal plate armour of the Poles {rElec Will++ Regen+ Dex-5}
rPois   inf        Reflect  .   q - +2 helmet
rElec   +          Harm     .   u - scarf {rC+ rF+}
rCorr   +          Rampage  .   s - +2 pair of gloves
Will    ++++.                   B - +1 pair of boots of Imaol Vesauf {+Inv rPois Will+}
Stlth   ..........              y - amulet of regeneration
HPRegen 1.87/turn               g - ring of Zesmuihu {rF+ rCorr Str+7}
MPRegen 0.18/turn               t - +6 ring of dexterity

@: about to teleport, heroic, flying
A: sickness immunity, AC +12, big wings, negative energy resistance 1,
electricity resistance, torment resistance 1, petrification resistance
a: Renounce Religion, Evoke Invisibility, Heroism, Finesse, Duel


You were on level 2 of the Shoals.
You worshipped Okawaru.
Okawaru was extremely pleased with you.
You visited 5 branches of the dungeon, and saw 25 of its levels.
You also visited: Sewer.

You collected 2296 gold pieces.
You spent 1665 gold pieces at shops.


Innate Abilities, Weirdness & Mutations

You are immune to sickness and miasma.
Your stone body is resilient. (AC +12)
You are immune to poison.
Your large and strong wings let you fly.
You resist negative energy. (rN+)
You are resistant to electric shocks. (rElec)
You are resistant to unholy torment.
You are immune to petrification.


   Skills:
 - Level 13.0(18.0) Fighting
 - Level 17.0(22.0) Axes
 - Level 5.0(10.0) Throwing
 + Level 14.3(19.3) Armour
 - Level 3.0(8.0) Dodging
 - Level 13.6(18.6) Shields
 - Level 10.0 Invocations


You had 15 spell levels left.
You didn't know any spells.
Your spell library was empty.

Inventory:

Hand Weapons
 i - a -1 demon whip of venom
 C - a +1 broad axe of venom (weapon)
 F - a +2 vorpal broad axe
Missiles
 E - 20 boomerangs
 G - 2 javelins
 H - 4 silver boomerangs (quivered)
Armour
 a - the +1 crystal plate armour of the Poles (worn) {rElec Will++ Regen+ Dex-5}
   (You acquired it on level 1 of the Dungeon)

   Dex:       It affects your dexterity (-5).
   rElec:     It insulates you from electricity.
   Regen:     It increases your rate of health regeneration.
   Will:      It greatly increases your willpower.
 f - a +0 kite shield (worn)
 q - a +2 helmet (worn)
 r - the +9 plate armour of the Sneaky Spines {+Inv rN+ Int+3}
   (Okawaru gifted it to you on level 11 of the Dungeon)

   Int:       It affects your intelligence (+3).
   rN:        It protects you from negative energy.
   +Inv:      It lets you turn invisible.
 s - a +2 pair of gloves (worn)
 u - a scarf of resistance (worn)
 v - a +0 cloak
 x - +0 acid dragon scales
 B - the +1 pair of boots of Imaol Vesauf (worn) {+Inv rPois Will+}
   (Okawaru gifted it to you on level 4 of the Lair of Beasts)

   rPois:     It protects you from poison.
   +Inv:      It lets you turn invisible.
   Will:      It increases your willpower.
Jewellery
 g - the ring of Zesmuihu (left hand) {rF+ rCorr Str+7}
   (You found it on level 2 of the Dungeon)

   [ring of protection from fire]

   Str:       It affects your strength (+7).
   rF:        It protects you from fire.
   rCorr:     It protects you from acid and corrosion.
 m - a ring of ice
 t - a +6 ring of dexterity (right hand)
 w - a ring of resist corrosion
 y - an amulet of regeneration (around neck)
 A - a ring of protection from cold
 D - a +4 ring of protection
Scrolls
 c - 18 scrolls of identify
 l - 4 scrolls of blinking
Potions
 b - 4 potions of cancellation
 d - 8 potions of might
 e - 5 potions of mutation
 h - 4 potions of heal wounds
 j - 11 potions of curing
 k - 3 potions of resistance
 o - 7 potions of attraction
 p - 4 potions of haste
 z - 6 potions of lignification
 I - a potion of magic

Dungeon Overview and Level Annotations

Branches:
Dungeon (15/15)            Temple (1/1) D:4            Lair (5/5) D:9
 Shoals (2/4) Lair:2       Spider (0/4) Lair:3        Slime (0/5) Lair:4
    Orc (2/2) D:9             Elf (0/3) Orc:2        Vaults (0/5) D:13
 Depths (0/4) D:15          Sewer (visited)

Altars:
Ashenzari
Cheibriados
Dithmenos
Elyvilon
Fedhas
Gozag
Hepliaklqana
Kikubaaqudgha
Makhleb
Nemelex Xobeh
Okawaru
Qazlal
Ru
Sif Muna
Trog
Uskayaw
Vehumet
Wu Jian
Xom
Yredelemnul
Zin
The Shining One
Jiyva

Shops:
D:5 *   D:15 !   Orc:2 *?((   Shoals:2 !

Portals:
Bazaar: Orc:2

Annotations:
Lair:1 2 transporters, qw's ghost, journeyman TrCA
Lair:3 2 transporters
Lair:5 1 runed translucent door
Shoals:1 3 runed translucent doors, Qatuad's ghost, adept GnFi


Message History

The merfolk closely misses you.
The merfolk impaler hits you but does no damage.
The faun unwields a +0 sling.
The faun wields a +0 spear.
The faun hits you but does no damage.
You barely miss the satyr.
The satyr is severely wounded.
You slice the faun!! You closely miss the faun.
The faun no longer looks unusually strong.
The faun unwields a +0 sling.
The faun wields a +0 spear.
The faun barely misses you. You block the merfolk impaler's attack.
The satyr shoots an arrow.
The arrow hits you but does no damage. You block the merfolk's attack.
You chop the faun into pieces!!!
You kill the faun!
Okawaru accepts your kill.
You hit the faun.
The faun is poisoned.
You hit the satyr. You closely miss the faun.
The merfolk impaler hits you but does no damage.
The faun gestures at you while chanting.
You resist with almost no effort.
You hit the satyr.
The satyr is severely wounded.
You hit the faun.
The faun is poisoned.
You hit the faun.
The faun looks as sick as possible!
The faun no longer looks unusually strong.
The satyr plays a rousing melody on his pipes!
The fauns go into a battle-frenzy!
The faun hits you with a +0 spear!!
The merfolk impaler hits you but does no damage.
The merfolk hits you from afar with a +0 trident!
The merfolk impaler hits you but does no damage.
23325 ||| READING scroll of teleportation.
As you read the scroll of teleportation, it crumbles to dust.
You feel strangely unstable.
The faun gestures at you while chanting.
You resist with almost no effort.
The satyr shoots an arrow.
The arrow completely misses you. The faun hits you but does no damage.
The merfolk throws a boomerang.
You block the boomerang.
The merfolk impaler hits you from afar with a +3 trident of flaming!
You die...

...~~~~....~~
#...~~...#.~~
.##...~~~.)...~
.....~~~...>...
~~..~~~~~~.....
....~~~~~~~....
~~~~~~)ccm.....
~~~~...@)m..#
~.....).c...# .
...####....##.. .
####.......~ ..
#.......^... ...
##..........
~..#######........
~......)..........
..................


You could see a merfolk impaler, a satyr (extremely poisoned), a merfolk and 2
fauns.

Vanquished Creatures
  An orc warlord (Orc:1)
  Nessos (D:14)
  2 merfolk impalers (Shoals:1)
  A fire dragon (D:13)
  Harold (Orc:1)
  5 boulder beetles
  8 hydras
  4 two-headed ogres
  An alligator snapping turtle (Shoals:2)
  A merfolk avatar (Shoals:1)
  6 centaur warriors
  2 catoblepae
  A satyr (Shoals:2)
  2 tengu warriors (D:14)
  An iron troll (D:13)
  An orc high priest (Orc:1)
  Sonja (Lair:4)
  Amaemon (Lair:3)
  2 sea snakes (Shoals:1)
  2 lindwurms (Lair:5)
  A wizard (D:14)
  A glowing orange brain (D:15)
  2 deep elf pyromancers (D:13)
  12 orc knights
  8 harpies (Shoals:1)
  2 orc sorcerers
  8 fauns (Shoals:2)
  An oklob plant (Lair:4)
  22 ugly things
  6 manticores
  10 elephants
  12 cyclopes
  Joseph (D:7)
  Maurice (D:11)
  A black mamba (Lair:4)
  An orange demon (Lair:3)
  3 merfolk sirens
  2 gargoyles
  13 cane toads
  Maggie (D:8)
  7 torpor snails
  4 komodo dragons
  An efreet (D:14)
  Psyche (D:8)
  2 freezing wraiths
  2 tengu conjurers (D:13)
  7 trolls
  4 tyrant leeches (Lair:5)
  25 slime creatures
  11 merfolk
  2 wind drakes (Shoals:1)
  9 hornets
  5 snapping turtles
  22 blink frogs
  12 dream sheep
  Sigmund (D:5)
  A culicivora (shapeshifter) (D:15)
  A centaur simulacrum (D:13)
  2 culicivoras (Lair:3)
  2 vampires
  A shadow (D:12)
  55 yaks
  2 water elementals
  3 spriggans (Lair:5)
  A wraith (D:10)
  4 wyverns
  7 basilisks
  9 vampire mosquitoes
  9 wargs
  4 acid dragons
  13 water moccasins
  A floating eye (shapeshifter) (D:15)
  39 orc warriors
  3 ice beasts
  4 sky beasts
  10 ogres
  13 centaurs
  16 wolves
  2 phantoms
  9 bullfrogs
  2 kobold brigands (Sewer)
  A necrophage (D:7)
  2 scorpions (D:6)
  6 wights
  18 killer bees
  4 howler monkeys
  2 electric eels (Lair:3)
  3 hounds (D:6)
  3 jellies
  23 orc priests
  2 gnoll boudas
  Ijyb (D:5)
  An iguana (D:6)
  16 orc wizards
  6 gnolls
  9 adders
  4 river rats
  3 shadow imps (D:5)
  4 white imps
  4 ufetubi
  An adder skeleton (D:2)
  8 worms
  7 dart slugs
  89 orcs
  9 endoplasms
  5 giant cockroaches
  9 goblins
  8 hobgoblins
  12 jackals
  3 quokkas
  11 ball pythons
  4 ball python skeletons (D:2)
  A ball python zombie (D:2)
  4 bats
  7 frilled lizards
  14 kobolds
  A quokka skeleton (D:2)
  8 rats
  A bush (Lair:5)
794 creatures vanquished.

Vanquished Creatures (others)
  A shadow (D:12)
  20 fungi
  54 plants
  A withered plant (D:2)
76 creatures vanquished.

Grand Total: 870 creatures vanquished

Notes
Turn   | Place    | Note
-------+----------+-------------------------------------------
     0 | D:1      | qw the Gargoyle Fighter began the quest for the Orb.
     0 | D:1      | Reached XP level 1. HP: 14/14 MP: 1/1
     0 | D:1      | 0 ||| qw: Version: 0.1-a-119-g272c26d
     0 | D:1      | 0 ||| qw: Game counter: 11116
     0 | D:1      | 0 ||| qw: Always use a shield: true
     0 | D:1      | 0 ||| qw: God list: Okawaru
     0 | D:1      | 0 ||| qw: Allow faded altars: false
     0 | D:1      | 0 ||| qw: Do Orc after D:15 true
     0 | D:1      | 0 ||| qw: Do second Lair branch before Depths: true
     0 | D:1      | 0 ||| qw: Lair rune preference: random
     0 | D:1      | 0 ||| qw: Plans: Normal, Zot, God:TSO, Crypt, Tomb, Pan,
                  | Slime, Hells, Zig, Abyss, Orb
     0 | D:1      | 0 ||| PLANNING D:1-11
    36 | D:1      | 36 ||| Stepping ~*~*~tactically~*~*~ (stealth).
    43 | D:1      | Reached skill level 2 in Axes
    74 | D:1      | 74 ||| Stepping ~*~*~tactically~*~*~ (stealth).
    86 | D:1      | Reached XP level 2. HP: 19/19 MP: 2/2
   231 | D:1      | 231 ||| DROPPING +0 club.
   265 | D:1      | Reached skill level 3 in Axes
   318 | D:1      | 318 ||| Stepping ~*~*~tactically~*~*~ (hiding).
   325 | D:1      | Reached XP level 3. HP: 16/23 MP: 3/3
   467 | D:1      | 467 ||| Stepping ~*~*~tactically~*~*~ (stealth).
   468 | D:1      | 468 ||| Stepping ~*~*~tactically~*~*~ (stealth).
   469 | D:1      | 469 ||| Stepping ~*~*~tactically~*~*~ (stealth).
   810 | D:1      | 810 ||| UPGRADING to +0 kite shield.
   820 | D:1      | 820 ||| DROPPING +0 buckler.
   821 | D:1      | 821 ||| UPGRADING to +0 helmet.
   826 | D:1      | 826 ||| UPGRADING to +0 pair of boots.
   831 | D:1      | 831 ||| READING scroll labelled YCRISCHOGROD.
   831 | D:1      | Identified a scroll of acquirement
   831 | D:1      | 831 ||| ACQUIRING +1 crystal plate armour of the Poles
                  | {rElec Will++ Regen+ Dex-5}
   831 | D:1      | Acquired the +1 crystal plate armour of the Poles {rElec
                  | Will++ Regen+ Dex-5}
   833 | D:1      | 833 ||| UPGRADING to +1 crystal plate armour of the Poles
                  | {rElec Will++ Regen+ Dex-5}.
   843 | D:1      | 843 ||| DROPPING +0 scale mail.
   844 | D:1      | 844 ||| READING scroll labelled MED UVOIDA.
   845 | D:1      | 845 ||| READING scroll labelled ANAKEK ODOREE.
   846 | D:1      | 846 ||| READING scroll labelled DARGHI JESAIRURUURPH.
   847 | D:1      | 847 ||| READING scroll labelled ZAHASUCZEI.
   848 | D:1      | 848 ||| READING 3 scrolls labelled NIZUOX IWOD.
   849 | D:1      | 849 ||| DROPPING 2 scrolls of immolation.
   914 | D:2      | 914 ||| Stepping ~*~*~tactically~*~*~ (stealth).
   917 | D:2      | 917 ||| STAIRDANCE
  1236 | D:2      | 1236 ||| Stepping ~*~*~tactically~*~*~ (hiding).
  1264 | D:2      | Identified the ring of Zesmuihu {rF+ rCorr Str+7}
  1307 | D:2      | 1307 ||| Stepping ~*~*~tactically~*~*~ (stealth).
  1314 | D:2      | Reached XP level 4. HP: 28/28 MP: 4/4
  1320 | D:2      | 1320 ||| Stepping ~*~*~tactically~*~*~ (stealth).
  1655 | D:2      | 1655 ||| SWAPPING to +3 war axe.
  1656 | D:2      | 1656 ||| DROPPING +1 war axe.
  1806 | D:2      | 1806 ||| UPGRADING to +0 pair of gloves.
  1811 | D:2      | 1811 ||| UPGRADING to ring of Zesmuihu {rF+ rCorr Str+7}.
  1812 | D:2      | 1812 ||| READING scroll labelled GOXADI RETS.
  1817 | D:2      | 1817 ||| DRINKING 2 bubbling cyan potions.
  1818 | D:2      | 1818 ||| READING 4 scrolls of identify.
  1818 | D:2      | 1818 ||| IDENTIFYING yellow potion
  1819 | D:2      | 1819 ||| READING 3 scrolls of identify.
  1819 | D:2      | 1819 ||| IDENTIFYING smoky golden potion
  1820 | D:2      | 1820 ||| READING 2 scrolls of identify.
  1820 | D:2      | 1820 ||| IDENTIFYING clear potion
  1821 | D:2      | 1821 ||| DROPPING potion of brilliance.
  2064 | D:3      | Found a faded altar of an unknown god.
  2114 | D:3      | Reached skill level 4 in Axes
  2136 | D:3      | Reached XP level 5. HP: 32/32 MP: 5/5
  2419 | D:3      | 2419 ||| READING scroll labelled LOELLY SYNAP.
  2420 | D:3      | 2420 ||| READING scroll labelled QEBRAS TOCEIN.
  2421 | D:3      | 2421 ||| READING scroll labelled YZXOGE HIALACUSS.
  2422 | D:3      | 2422 ||| READING 2 scrolls of identify.
  2422 | D:3      | 2422 ||| IDENTIFYING bubbling emerald potion
  2423 | D:3      | 2423 ||| DROPPING potion of ambrosia.
  2455 | D:3      | 2455 ||| Stepping ~*~*~tactically~*~*~ (stealth).
  2655 | D:4      | 2655 ||| Stepping ~*~*~tactically~*~*~ (stealth).
  2861 | D:4      | Found a staircase to the Ecumenical Temple.
  2862 | D:4      | 2862 ||| PLANNING TEMPLE
  2862 | D:4      | 2862 ||| READING 2 scrolls of identify.
  2862 | D:4      | 2862 ||| IDENTIFYING lumpy cyan potion
  2863 | D:4      | 2863 ||| DRINKING potion of experience.
  2863 | D:4      | Reached XP level 6. HP: 37/37 MP: 6/6
  2873 | Temple   | Entered the Ecumenical Temple
  2992 | Temple   | 2992 ||| PLANNING D:1-11
  3344 | D:4      | Noticed a moth of wrath
  3348 | D:4      | Found a bloodstained altar of Trog.
  3383 | D:4      | 3383 ||| DROPPING +0 whip.
  3927 | D:4      | 3927 ||| READING 2 scrolls of identify.
  3927 | D:4      | 3927 ||| IDENTIFYING fuming red potion
  3975 | D:5      | Entered Level 5 of the Dungeon
  3975 | D:5      | Noticed a water moccasin
  3992 | D:5      | Killed a water moccasin
  3993 | D:5      | Reached XP level 7. HP: 36/41 MP: 7/7
  3993 | D:5      | 3993 ||| STAIRDANCE
  4077 | D:5      | Noticed Sigmund
  4078 | D:5      | 4078 ||| Stepping ~*~*~tactically~*~*~ (hiding).
  4088 | D:5      | Killed Sigmund
  4089 | D:5      | Reached skill level 5 in Axes
  4099 | D:5      | Found Himie's Gadget Gallery.
  4167 | D:5      | 4167 ||| Stepping ~*~*~tactically~*~*~ (hiding).
  4187 | D:5      | 4187 ||| DROPPING +0 flail.
  4216 | D:5      | Noticed Ijyb
  4217 | D:5      | 4217 ||| Stepping ~*~*~tactically~*~*~ (hiding).
  4222 | D:5      | Killed Ijyb
  4409 | D:5      | 4409 ||| Stepping ~*~*~tactically~*~*~ (stealth).
  4489 | D:5      | Reached XP level 8. HP: 48/48 MP: 8/8
  4548 | D:5      | 4548 ||| Stepping ~*~*~tactically~*~*~ (hiding).
  4549 | D:5      | 4549 ||| Stepping ~*~*~tactically~*~*~ (hiding).
  4720 | D:5      | 4720 ||| UPGRADING to +1 pair of gloves.
  4730 | D:5      | 4730 ||| DROPPING +0 pair of gloves.
  4731 | D:5      | 4731 ||| READING scroll labelled DUFFAP ZIAKE.
  4742 | D:5      | 4742 ||| DRINKING 2 golden potions.
  4760 | D:6      | 4760 ||| PLANNING SEWER
  4762 | D:6      | 4762 ||| STAIRDANCE
  4847 | D:6      | Noticed a vampire
  4891 | D:6      | Killed a vampire
  4892 | D:6      | Reached skill level 6 in Axes
  4918 | D:6      | Noticed a wyvern
  4919 | D:6      | 4919 ||| Stepping ~*~*~tactically~*~*~ (stealth).
  4973 | D:6      | Reached XP level 9. HP: 52/52 MP: 9/9
  4981 | D:6      | 4981 ||| Stepping ~*~*~tactically~*~*~ (stealth).
  4983 | D:6      | 4983 ||| Stepping ~*~*~tactically~*~*~ (stealth).
  4984 | D:6      | 4984 ||| Stepping ~*~*~tactically~*~*~ (stealth).
  4986 | D:6      | 4986 ||| Stepping ~*~*~tactically~*~*~ (stealth).
  5025 | D:6      | Reached skill level 6 in Armour
  5089 | D:6      | 5089 ||| Stepping ~*~*~tactically~*~*~ (stealth).
  5105 | D:6      | Found a glowing drain.
  5111 | D:6      | 5111 ||| READING scroll labelled APSUARR YPNIB.
  5113 | D:6      | 5113 ||| FLEEEEING.
  5114 | D:6      | 5114 ||| FLEEEEING.
  5115 | D:6      | 5115 ||| FLEEEEING.
  5116 | D:6      | 5116 ||| FLEEEEING.
  5117 | D:6      | 5117 ||| FLEEEEING.
  5118 | D:6      | 5118 ||| FLEEEEING.
  5119 | D:6      | 5119 ||| FLEEEEING.
  5120 | D:6      | 5120 ||| FLEEEEING.
  5141 | D:6      | 5141 ||| Stepping ~*~*~tactically~*~*~ (stealth).
  5142 | D:6      | 5142 ||| Stepping ~*~*~tactically~*~*~ (stealth).
  5143 | D:6      | 5143 ||| Stepping ~*~*~tactically~*~*~ (stealth).
  5144 | D:6      | 5144 ||| DRINKING 2 ruby potions.
  5145 | D:6      | 5145 ||| READING 3 scrolls of identify.
  5145 | D:6      | 5145 ||| IDENTIFYING blue potion
  5146 | D:6      | 5146 ||| READING 2 scrolls of identify.
  5146 | D:6      | 5146 ||| IDENTIFYING murky white potion
  5147 | D:6      | 5147 ||| DROPPING potion of invisibility.
  5159 | D:6      | 5159 ||| Stepping ~*~*~tactically~*~*~ (stealth).
  5161 | D:6      | 5161 ||| Stepping ~*~*~tactically~*~*~ (stealth).
  5163 | D:6      | 5163 ||| Stepping ~*~*~tactically~*~*~ (stealth).
  5166 | D:6      | 5166 ||| Stepping ~*~*~tactically~*~*~ (stealth).
  5188 | D:6      | 5188 ||| READING scroll labelled VULLOZ VOBAGRE.
  5190 | Sewer    | Entered a sewer
  5192 | Sewer    | 5192 ||| Stepping ~*~*~tactically~*~*~ (stealth).
  5217 | Sewer    | 5217 ||| Stepping ~*~*~tactically~*~*~ (stealth).
  5259 | Sewer    | 5259 ||| Stepping ~*~*~tactically~*~*~ (stealth).
  5426 | Sewer    | 5426 ||| READING scroll labelled HOHAIR HIVUCEELO.
  5444 | D:6      | 5444 ||| PLANNING D:1-11
  5668 | D:6      | 5668 ||| Stepping ~*~*~tactically~*~*~ (stealth).
  5675 | D:6      | Reached skill level 7 in Axes
  5743 | D:6      | 5743 ||| Stepping ~*~*~tactically~*~*~ (hiding).
  5791 | D:6      | Found an iron altar of Okawaru.
  5886 | D:6      | 5886 ||| Stepping ~*~*~tactically~*~*~ (stealth).
  5887 | D:6      | 5887 ||| Stepping ~*~*~tactically~*~*~ (stealth).
  6012 | D:6      | 6012 ||| UPGRADING to +6 ring of dexterity.
  6078 | D:6      | Became a worshipper of Warmaster Okawaru
  6139 | D:7      | 6139 ||| STAIRDANCE
  6146 | D:7      | 6146 ||| STAIRDANCE
  6186 | D:7      | Reached skill level 1 in Dodging
  6188 | D:7      | Noticed Joseph
  6189 | D:7      | 6189 ||| Stepping ~*~*~tactically~*~*~ (hiding).
  6209 | D:7      | Killed Joseph
  6263 | D:7      | Reached XP level 10. HP: 60/60 MP: 10/10
  6305 | D:7      | 6305 ||| READING scroll of enchant weapon.
  6305 | D:7      | 6305 ||| ENCHANTING +3 war axe of venom.
  6309 | D:7      | 6309 ||| Stepping ~*~*~tactically~*~*~ (stealth).
  6311 | D:7      | 6311 ||| Stepping ~*~*~tactically~*~*~ (stealth).
  6313 | D:7      | 6313 ||| Stepping ~*~*~tactically~*~*~ (hiding).
  6326 | D:7      | Reached skill level 1 in Throwing
  6379 | D:7      | 6379 ||| Stepping ~*~*~tactically~*~*~ (hiding).
  6544 | D:7      | Reached * piety under Okawaru
  6578 | D:7      | 6578 ||| DROPPING +1 flail of holy wrath.
  6820 | D:7      | 6820 ||| READING scroll labelled ZOTTEW XECUIT.
  6863 | D:8      | 6863 ||| Stepping ~*~*~tactically~*~*~ (stealth).
  6865 | D:8      | 6865 ||| INVOKING Heroism.
  6873 | D:8      | Reached skill level 1 in Invocations
  6875 | D:8      | Reached skill level 8 in Axes
  6881 | D:8      | Noticed a two-headed ogre
  6882 | D:8      | 6882 ||| FLEEEEING.
  6883 | D:8      | 6883 ||| INVOKING Heroism.
  6892 | D:8      | Killed a two-headed ogre
  6893 | D:8      | Reached skill level 3 in Invocations
  6926 | D:8      | Noticed Psyche
  6927 | D:8      | 6927 ||| INVOKING Heroism.
  6934 | D:8      | Killed Psyche
  6996 | D:8      | 6996 ||| Stepping ~*~*~tactically~*~*~ (stealth).
  7000 | D:8      | Reached ** piety under Okawaru
  7102 | D:8      | 7102 ||| Stepping ~*~*~tactically~*~*~ (stealth).
  7112 | D:8      | 7112 ||| Stepping ~*~*~tactically~*~*~ (stealth).
  7114 | D:8      | 7114 ||| Stepping ~*~*~tactically~*~*~ (stealth).
  7116 | D:8      | 7116 ||| Stepping ~*~*~tactically~*~*~ (hiding).
  7139 | D:8      | 7139 ||| READING scroll of enchant weapon.
  7139 | D:8      | 7139 ||| ENCHANTING +4 war axe of venom.
  7180 | D:8      | Noticed Maggie
  7191 | D:8      | Killed Maggie
  7192 | D:8      | Reached skill level 6 in Fighting
  7317 | D:8      | 7317 ||| DROPPING ring of magical power.
  7318 | D:8      | 7318 ||| READING 2 scrolls labelled WOILAW CUID.
  7319 | D:8      | 7319 ||| DROPPING scroll of amnesia.
  7367 | D:9      | 7367 ||| INVOKING Heroism.
  7406 | D:9      | 7406 ||| Stepping ~*~*~tactically~*~*~ (stealth).
  7410 | D:9      | 7410 ||| Stepping ~*~*~tactically~*~*~ (stealth).
  7456 | D:9      | Reached XP level 11. HP: 55/64 MP: 14/14
  7458 | D:9      | Reached *** piety under Okawaru
  7517 | D:9      | 7517 ||| INVOKING Heroism.
  7524 | D:9      | Reached skill level 9 in Axes
  7538 | D:9      | Found a staircase to the Orcish Mines.
  7712 | D:9      | 7712 ||| INVOKING Heroism.
  7715 | D:9      | 7715 ||| Stepping ~*~*~tactically~*~*~ (hiding).
  7765 | D:9      | 7765 ||| Stepping ~*~*~tactically~*~*~ (stealth).
  7767 | D:9      | 7767 ||| Stepping ~*~*~tactically~*~*~ (stealth).
  7819 | D:9      | Identified the +1 flail "Mojoidu" {flame, Int+5 Dex-3}
  7821 | D:9      | 7821 ||| DROPPING +1 flail "Mojoidu" {flame, Int+5 Dex-3}.
  7832 | D:9      | 7832 ||| Stepping ~*~*~tactically~*~*~ (stealth).
  7849 | D:9      | Noticed a two-headed ogre
  7850 | D:9      | 7850 ||| INVOKING Heroism.
  7858 | D:9      | Killed a two-headed ogre
  7858 | D:9      | Received a gift from Okawaru
  7941 | D:9      | 7941 ||| INVOKING Heroism.
  7945 | D:9      | 7945 ||| Stepping ~*~*~tactically~*~*~ (hiding).
  7969 | D:9      | Found a snail-covered altar of Cheibriados.
  7970 | D:9      | Found a shadowy altar of Dithmenos.
  7998 | D:9      | 7998 ||| Stepping ~*~*~tactically~*~*~ (hiding).
  8001 | D:9      | 8001 ||| Stepping ~*~*~tactically~*~*~ (hiding).
  8013 | D:9      | 8013 ||| Stepping ~*~*~tactically~*~*~ (hiding).
  8016 | D:9      | 8016 ||| Stepping ~*~*~tactically~*~*~ (hiding).
  8129 | D:9      | Found a staircase to the Lair.
  8146 | D:9      | 8146 ||| Stepping ~*~*~tactically~*~*~ (hiding).
  8147 | D:9      | 8147 ||| Stepping ~*~*~tactically~*~*~ (hiding).
  8148 | D:9      | 8148 ||| Stepping ~*~*~tactically~*~*~ (hiding).
  8149 | D:9      | 8149 ||| Stepping ~*~*~tactically~*~*~ (hiding).
  8155 | D:9      | 8155 ||| INVOKING Heroism.
  8324 | D:9      | 8324 ||| Stepping ~*~*~tactically~*~*~ (stealth).
  8326 | D:9      | 8326 ||| Stepping ~*~*~tactically~*~*~ (stealth).
  8330 | D:9      | 8330 ||| INVOKING Heroism.
  8420 | D:9      | 8420 ||| PLANNING LAIR
  8420 | D:9      | 8420 ||| UPGRADING to scarf of resistance.
  8483 | Lair:1   | Entered Level 1 of the Lair of Beasts
  8496 | Lair:1   | 8496 ||| INVOKING Heroism.
  8502 | Lair:1   | Reached **** piety under Okawaru
  8516 | Lair:1   | 8516 ||| INVOKING Heroism.
  8536 | Lair:1   | Found a transporter.
  8541 | Lair:1   | Noticed a moth of wrath
  8546 | Lair:1   | Noticed a moth of wrath
  8547 | Lair:1   | Noticed qw's ghost (journeyman TrCA)
  8557 | Lair:1   | Noticed a six-headed hydra
  8579 | Lair:1   | Found a transporter.
  8589 | Lair:1   | 8589 ||| INVOKING Heroism.
  8605 | Lair:1   | Noticed a four-headed hydra
  8609 | Lair:1   | 8609 ||| SWAPPING to +1 flail of protection.
  8617 | Lair:1   | 8617 ||| INVOKING Heroism.
  8623 | Lair:1   | Killed a four-headed hydra
  8624 | Lair:1   | 8624 ||| SWAPPING to +5 war axe of venom.
  8699 | Lair:1   | 8699 ||| Stepping ~*~*~tactically~*~*~ (stealth).
  8708 | Lair:1   | Reached skill level 6 in Invocations
  8716 | Lair:1   | 8716 ||| INVOKING Heroism.
  8720 | Lair:1   | 8720 ||| Stepping ~*~*~tactically~*~*~ (stealth).
  8731 | Lair:1   | Reached skill level 10 in Axes
  8735 | Lair:1   | Reached XP level 12. HP: 51/72 MP: 16/16
  8736 | Lair:1   | Reached ***** piety under Okawaru
  8855 | Lair:1   | 8855 ||| Stepping ~*~*~tactically~*~*~ (hiding).
  8856 | Lair:1   | 8856 ||| Stepping ~*~*~tactically~*~*~ (hiding).
  9146 | Lair:1   | 9146 ||| Stepping ~*~*~tactically~*~*~ (stealth).
  9168 | Lair:1   | 9168 ||| READING scroll of enchant weapon.
  9168 | Lair:1   | 9168 ||| ENCHANTING +5 war axe of venom.
  9181 | Lair:1   | 9181 ||| INVOKING Heroism.
  9203 | Lair:1   | Reached skill level 9 in Armour
  9230 | Lair:1   | 9230 ||| Stepping ~*~*~tactically~*~*~ (stealth).
  9231 | Lair:1   | 9231 ||| Stepping ~*~*~tactically~*~*~ (stealth).
  9264 | Lair:1   | 9264 ||| INVOKING Heroism.
  9307 | Lair:1   | 9307 ||| INVOKING Heroism.
  9319 | Lair:1   | Identified the +2 animal skin of Action {-Cast rC+++ Str+5}
                  | (Okawaru gifted it to you on level 1 of the Lair of Beasts)
  9319 | Lair:1   | Received a gift from Okawaru
  9558 | Lair:1   | 9558 ||| UPGRADING to amulet of regeneration.
  9616 | Lair:2   | Noticed a four-headed hydra
  9617 | Lair:2   | 9617 ||| INVOKING Heroism.
  9618 | Lair:2   | 9618 ||| SWAPPING to +1 flail of protection.
  9619 | Lair:2   | 9619 ||| INVOKING Finesse.
  9628 | Lair:2   | Killed a four-headed hydra
  9629 | Lair:2   | 9629 ||| SWAPPING to +6 war axe of venom.
  9693 | Lair:2   | 9693 ||| Stepping ~*~*~tactically~*~*~ (hiding).
  9695 | Lair:2   | 9695 ||| Stepping ~*~*~tactically~*~*~ (hiding).
  9698 | Lair:2   | 9698 ||| INVOKING Heroism.
  9699 | Lair:2   | Found a staircase to the Shoals.
  9801 | Lair:2   | 9801 ||| INVOKING Heroism.
  9814 | Lair:2   | 9814 ||| Stepping ~*~*~tactically~*~*~ (stealth).
  9815 | Lair:2   | 9815 ||| Stepping ~*~*~tactically~*~*~ (stealth).
  9818 | Lair:2   | 9818 ||| Stepping ~*~*~tactically~*~*~ (stealth).
  9853 | Lair:2   | 9853 ||| INVOKING Heroism.
  9857 | Lair:2   | Reached skill level 9 in Invocations
 10035 | Lair:2   | 10035 ||| READING scroll of enchant armour.
 10035 | Lair:2   | 10035 ||| ENCHANTING +1 pair of gloves.
 10215 | Lair:2   | 10215 ||| INVOKING Heroism.
 10542 | Lair:2   | 10542 ||| UPGRADING to +2 helmet.
 10552 | Lair:2   | 10552 ||| DROPPING +0 helmet.
 10553 | Lair:2   | 10553 ||| DROPPING +6 ring of intelligence.
 10584 | Lair:3   | 10584 ||| INVOKING Heroism.
 10622 | Lair:3   | Found a transporter.
 10623 | Lair:3   | Noticed a boulder beetle
 10624 | Lair:3   | Found a transporter.
 10652 | Lair:3   | 10652 ||| FLEEEEING.
 10653 | Lair:3   | 10653 ||| FLEEEEING.
 10654 | Lair:3   | 10654 ||| FLEEEEING.
 10655 | Lair:3   | 10655 ||| FLEEEEING.
 10656 | Lair:3   | 10656 ||| Stepping ~*~*~tactically~*~*~ (hiding).
 10662 | Lair:3   | 10662 ||| INVOKING Heroism.
 10664 | Lair:3   | Reached skill level 11 in Axes
 10680 | Lair:3   | Noticed a four-headed hydra
 10681 | Lair:3   | 10681 ||| INVOKING Finesse.
 10681 | Lair:3   | Noticed Amaemon
 10682 | Lair:3   | 10682 ||| SWAPPING to +1 flail of protection.
 10686 | Lair:3   | 10686 ||| Stepping ~*~*~tactically~*~*~ (outnumbered).
 10686 | Lair:3   | Noticed a boulder beetle
 10690 | Lair:3   | 10690 ||| Stepping ~*~*~tactically~*~*~ (outnumbered).
 10691 | Lair:3   | 10691 ||| Stepping ~*~*~tactically~*~*~ (outnumbered).
 10692 | Lair:3   | 10692 ||| SWAPPING to +6 war axe of venom.
 10694 | Lair:3   | 10694 ||| SWAPPING to +1 flail of protection.
 10695 | Lair:3   | 10695 ||| Stepping ~*~*~tactically~*~*~ (outnumbered).
 10696 | Lair:3   | 10696 ||| Stepping ~*~*~tactically~*~*~ (outnumbered).
 10698 | Lair:3   | 10698 ||| Stepping ~*~*~tactically~*~*~ (outnumbered).
 10701 | Lair:3   | 10701 ||| Stepping ~*~*~tactically~*~*~ (outnumbered).
 10704 | Lair:3   | 10704 ||| Stepping ~*~*~tactically~*~*~ (outnumbered).
 10705 | Lair:3   | 10705 ||| Stepping ~*~*~tactically~*~*~ (hiding).
 10706 | Lair:3   | 10706 ||| SWAPPING to +6 war axe of venom.
 10711 | Lair:3   | Reached XP level 13. HP: 55/78 MP: 17/20
 10712 | Lair:3   | 10712 ||| SWAPPING to +1 flail of protection.
 10722 | Lair:3   | 10722 ||| INVOKING Heroism.
 10723 | Lair:3   | 10723 ||| SWAPPING to +6 war axe of venom.
 10731 | Lair:3   | Killed Amaemon
 10777 | Lair:3   | 10777 ||| DROPPING +1 flail of protection.
 10786 | Lair:3   | Found a hole to the Spider Nest.
 10803 | Lair:3   | Received a gift from Okawaru
 10811 | Lair:3   | Reached skill level 9 in Fighting
 10819 | Lair:3   | You fall into a shaft and drop 1 floor!
 10833 | Lair:4   | 10833 ||| READING 11 scrolls of identify.
 10833 | Lair:4   | 10833 ||| IDENTIFYING coppery potion
 10842 | Lair:3   | 10842 ||| Stepping ~*~*~tactically~*~*~ (stealth).
 10843 | Lair:3   | 10843 ||| INVOKING Heroism.
 10898 | Lair:3   | Identified the +1 cloak of Hedge Wizardry {*Corrode rElec
                  | Stlth+}
 11564 | Lair:4   | 11564 ||| INVOKING Heroism.
 11570 | Lair:4   | 11570 ||| Stepping ~*~*~tactically~*~*~ (stealth).
 11571 | Lair:4   | 11571 ||| Stepping ~*~*~tactically~*~*~ (stealth).
 11576 | Lair:4   | Identified the +1 pair of boots of Imaol Vesauf {+Inv rPois
                  | Will+} (Okawaru gifted it to you on level 4 of the Lair of
                  | Beasts)
 11576 | Lair:4   | Received a gift from Okawaru
 11580 | Lair:4   | 11580 ||| Stepping ~*~*~tactically~*~*~ (stealth).
 11581 | Lair:4   | 11581 ||| Stepping ~*~*~tactically~*~*~ (stealth).
 11598 | Lair:4   | 11598 ||| Stepping ~*~*~tactically~*~*~ (stealth).
 11601 | Lair:4   | 11601 ||| INVOKING Finesse.
 11609 | Lair:4   | 11609 ||| SWAPPING to -1 demon whip of venom.
 11612 | Lair:4   | 11612 ||| INVOKING Heroism.
 11618 | Lair:4   | 11618 ||| SWAPPING to +6 war axe of venom.
 11864 | Lair:4   | Identified the +5 quarterstaff of Equilibrium {spect,
                  | Stlth+}
 11884 | Lair:4   | 11884 ||| Stepping ~*~*~tactically~*~*~ (stealth).
 11885 | Lair:4   | 11885 ||| Stepping ~*~*~tactically~*~*~ (stealth).
 11887 | Lair:4   | 11887 ||| INVOKING Heroism.
 11889 | Lair:4   | 11889 ||| INVOKING Finesse.
 11890 | Lair:4   | 11890 ||| SWAPPING to -1 demon whip of venom.
 11903 | Lair:4   | 11903 ||| SWAPPING to +6 war axe of venom.
 12033 | Lair:4   | Noticed Sonja
 12034 | Lair:4   | 12034 ||| INVOKING Finesse.
 12036 | Lair:4   | 12036 ||| DRINKING 5 potions of curing.
 12036 | Lair:4   | 12036 ||| (to cure confusion)
 12038 | Lair:4   | 12038 ||| DRINKING 4 potions of curing.
 12038 | Lair:4   | 12038 ||| (to cure confusion)
 12052 | Lair:4   | Killed Sonja
 12053 | Lair:4   | Reached skill level 12 in Axes
 12334 | Lair:4   | Found a viscous altar of Jiyva.
 12334 | Lair:4   | Found a staircase to the Slime Pits.
 12335 | Lair:4   | 12335 ||| INVOKING Heroism.
 12336 | Lair:4   | 12336 ||| INVOKING Finesse.
 12479 | Lair:4   | 12479 ||| UPGRADING to +1 pair of boots of Imaol Vesauf
                  | {+Inv rPois Will+}.
 12489 | Lair:4   | 12489 ||| DROPPING +0 pair of boots.
 12509 | Lair:5   | Entered Level 5 of the Lair of Beasts
 12510 | Lair:5   | 12510 ||| INVOKING Heroism.
 12511 | Lair:5   | 12511 ||| STAIRDANCE
 12525 | Lair:5   | 12525 ||| STAIRDANCE
 12570 | Lair:5   | 12570 ||| INVOKING Heroism.
 12690 | Lair:5   | 12690 ||| Stepping ~*~*~tactically~*~*~ (stealth).
 12692 | Lair:5   | 12692 ||| Stepping ~*~*~tactically~*~*~ (stealth).
 12694 | Lair:5   | 12694 ||| Stepping ~*~*~tactically~*~*~ (stealth).
 12695 | Lair:5   | 12695 ||| Stepping ~*~*~tactically~*~*~ (stealth).
 12696 | Lair:5   | 12696 ||| INVOKING Heroism.
 12744 | Lair:5   | 12744 ||| INVOKING Heroism.
 12864 | Lair:5   | 12864 ||| INVOKING Heroism.
 12865 | Lair:5   | 12865 ||| SWAPPING to -1 demon whip of venom.
 12866 | Lair:5   | 12866 ||| INVOKING Finesse.
 12878 | Lair:5   | 12878 ||| SWAPPING to +6 war axe of venom.
 12927 | Lair:5   | 12927 ||| INVOKING Heroism.
 12978 | Lair:5   | 12978 ||| INVOKING Heroism.
 12982 | Lair:5   | 12982 ||| SWAPPING to -1 demon whip of venom.
 12988 | Lair:5   | Gained mutation: Your large and strong wings let you fly.
                  | [Gargoyle growth]
 12988 | Lair:5   | Reached XP level 14. HP: 88/88 MP: 19/21
 12988 | Lair:5   | 12988 ||| SWAPPING to +6 war axe of venom.
 13072 | Lair:5   | 13072 ||| INVOKING Heroism.
 13073 | Lair:5   | 13073 ||| SWAPPING to -1 demon whip of venom.
 13081 | Lair:5   | 13081 ||| SWAPPING to +6 war axe of venom.
 13166 | Lair:5   | 13166 ||| Stepping ~*~*~tactically~*~*~ (stealth).
 13168 | Lair:5   | 13168 ||| INVOKING Heroism.
 13180 | Lair:5   | Received a gift from Okawaru
 13183 | Lair:5   | 13183 ||| SWAPPING to +1 broad axe of venom.
 13184 | Lair:5   | 13184 ||| DROPPING +6 war axe of venom.
 13519 | Lair:5   | Found a runed translucent door.
 13521 | Lair:5   | 13521 ||| INVOKING Heroism.
 13554 | Lair:5   | Reached skill level 13 in Axes
 13556 | Lair:5   | 13556 ||| FLEEEEING.
 13557 | Lair:5   | 13557 ||| FLEEEEING.
 13558 | Lair:5   | 13558 ||| FLEEEEING.
 13559 | Lair:5   | 13559 ||| FLEEEEING.
 13560 | Lair:5   | 13560 ||| FLEEEEING.
 13561 | Lair:5   | 13561 ||| FLEEEEING.
 13562 | Lair:5   | 13562 ||| FLEEEEING.
 13563 | Lair:5   | 13563 ||| FLEEEEING.
 13564 | Lair:5   | 13564 ||| FLEEEEING.
 13565 | Lair:5   | 13565 ||| FLEEEEING.
 13566 | Lair:5   | 13566 ||| FLEEEEING.
 13567 | Lair:5   | 13567 ||| FLEEEEING.
 13568 | Lair:5   | 13568 ||| FLEEEEING.
 13569 | Lair:5   | 13569 ||| FLEEEEING.
 13570 | Lair:5   | 13570 ||| FLEEEEING.
 13571 | Lair:5   | 13571 ||| FLEEEEING.
 13572 | Lair:5   | 13572 ||| FLEEEEING.
 13573 | Lair:5   | 13573 ||| FLEEEEING.
 13574 | Lair:5   | 13574 ||| FLEEEEING.
 13575 | Lair:5   | 13575 ||| FLEEEEING.
 13576 | Lair:5   | 13576 ||| FLEEEEING.
 13578 | Lair:5   | 13578 ||| FLEEEEING.
 13579 | Lair:5   | 13579 ||| INVOKING Heroism.
 13619 | Lair:5   | 13619 ||| INVOKING Heroism.
 13628 | Lair:5   | 13628 ||| Stepping ~*~*~tactically~*~*~ (stealth).
 13672 | Lair:5   | 13672 ||| INVOKING Heroism.
 13673 | Lair:5   | 13673 ||| Stepping ~*~*~tactically~*~*~ (hiding).
 13730 | Lair:5   | 13730 ||| INVOKING Heroism.
 13743 | Lair:5   | Reached skill level 12 in Armour
 13895 | Lair:5   | 13895 ||| PLANNING D:1-11
 13895 | Lair:5   | 13895 ||| DROPPING ring of wizardry.
 13896 | Lair:5   | 13896 ||| READING 16 scrolls of identify.
 13896 | Lair:5   | 13896 ||| IDENTIFYING red potion
 13897 | Lair:5   | 13897 ||| DROPPING potion of flight.
 14021 | D:10     | Entered Level 10 of the Dungeon
 14029 | D:10     | 14029 ||| Stepping ~*~*~tactically~*~*~ (hiding).
 14031 | D:10     | 14031 ||| STAIRDANCE
 14140 | D:10     | 14140 ||| Stepping ~*~*~tactically~*~*~ (hiding).
 14141 | D:10     | 14141 ||| Stepping ~*~*~tactically~*~*~ (hiding).
 14145 | D:10     | 14145 ||| STAIRDANCE
 14154 | D:10     | 14154 ||| STAIRDANCE
 14170 | D:10     | 14170 ||| STAIRDANCE
 14180 | D:10     | 14180 ||| Stepping ~*~*~tactically~*~*~ (hiding).
 14297 | D:10     | Found a hazy altar of Hepliaklqana.
 14328 | D:10     | 14328 ||| INVOKING Heroism.
 15230 | D:11     | 15230 ||| STAIRDANCE
 15240 | D:11     | 15240 ||| STAIRDANCE
 15246 | D:11     | 15246 ||| STAIRDANCE
 15271 | D:11     | Noticed Maurice
 15278 | D:11     | Killed Maurice
 15406 | D:11     | 15406 ||| Stepping ~*~*~tactically~*~*~ (stealth).
 15410 | D:11     | 15410 ||| Stepping ~*~*~tactically~*~*~ (stealth).
 15445 | D:11     | 15445 ||| INVOKING Heroism.
 15526 | D:11     | Identified the +4 scale mail of Woolemish {rF+ rC- Str+2
                  | Dex+3}
 15605 | D:11     | Found a broken altar of Ashenzari.
 15732 | D:11     | 15732 ||| INVOKING Heroism.
 15737 | D:11     | Reached skill level 14 in Axes
 15741 | D:11     | Identified the +9 plate armour of the Sneaky Spines {+Inv
                  | rN+ Int+3} (Okawaru gifted it to you on level 11 of the
                  | Dungeon)
 15741 | D:11     | Received a gift from Okawaru
 15847 | D:11     | 15847 ||| FLEEEEING.
 15863 | D:11     | Identified the +7 quarterstaff "Hamnecwi" {pain, Stlth+}
 15876 | D:11     | 15876 ||| PLANNING D
 15876 | D:11     | 15876 ||| DROPPING +1 cloak of Hedge Wizardry {*Corrode
                  | rElec Stlth+}.
 15877 | D:11     | 15877 ||| DROPPING +6 ring of strength.
 15897 | D:12     | 15897 ||| INVOKING Heroism.
 16030 | D:12     | 16030 ||| INVOKING Heroism.
 16031 | D:12     | 16031 ||| INVOKING Finesse.
 16156 | D:12     | 16156 ||| INVOKING Heroism.
 16356 | D:12     | 16356 ||| Stepping ~*~*~tactically~*~*~ (stealth).
 16357 | D:12     | 16357 ||| Stepping ~*~*~tactically~*~*~ (stealth).
 16402 | D:12     | 16402 ||| Stepping ~*~*~tactically~*~*~ (hiding).
 16567 | D:12     | 16567 ||| READING 18 scrolls of identify.
 16567 | D:12     | 16567 ||| IDENTIFYING gluggy blue potion
 16568 | D:12     | 16568 ||| DROPPING potion of degeneration.
 16620 | D:13     | 16620 ||| Stepping ~*~*~tactically~*~*~ (stealth).
 16622 | D:13     | 16622 ||| INVOKING Heroism.
 16700 | D:13     | 16700 ||| INVOKING Heroism.
 16735 | D:13     | 16735 ||| Stepping ~*~*~tactically~*~*~ (hiding).
 16736 | D:13     | 16736 ||| Stepping ~*~*~tactically~*~*~ (hiding).
 16806 | D:13     | 16806 ||| INVOKING Heroism.
 16871 | D:13     | Identified the +3 ring mail of the Sun {rN+ Will+}
 16902 | D:13     | 16902 ||| Stepping ~*~*~tactically~*~*~ (hiding).
 16906 | D:13     | 16906 ||| Stepping ~*~*~tactically~*~*~ (hiding).
 16909 | D:13     | 16909 ||| INVOKING Heroism.
 16932 | D:13     | Reached XP level 15. HP: 94/94 MP: 22/22
 16957 | D:13     | 16957 ||| Stepping ~*~*~tactically~*~*~ (stealth).
 16964 | D:13     | 16964 ||| Stepping ~*~*~tactically~*~*~ (hiding).
 17020 | D:13     | 17020 ||| Stepping ~*~*~tactically~*~*~ (hiding).
 17021 | D:13     | 17021 ||| Stepping ~*~*~tactically~*~*~ (hiding).
 17022 | D:13     | 17022 ||| Stepping ~*~*~tactically~*~*~ (hiding).
 17523 | D:13     | 17523 ||| INVOKING Heroism.
 17576 | D:13     | Found a gate to the Vaults.
 17582 | D:13     | Identified the +2 robe of Day {rPois Will+}
 17671 | D:13     | 17671 ||| DROPPING amulet of the acrobat.
 17690 | D:14     | 17690 ||| Stepping ~*~*~tactically~*~*~ (stealth).
 17692 | D:14     | 17692 ||| Stepping ~*~*~tactically~*~*~ (stealth).
 17693 | D:14     | 17693 ||| STAIRDANCE
 17708 | D:14     | 17708 ||| STAIRDANCE
 17769 | D:14     | 17769 ||| INVOKING Heroism.
 17770 | D:14     | 17770 ||| Stepping ~*~*~tactically~*~*~ (stealth).
 17783 | D:14     | Reached skill level 15 in Axes
 17807 | D:14     | Reached skill level 3 in Dodging
 17824 | D:14     | Noticed Nessos
 17835 | D:14     | Killed Nessos
 17855 | D:14     | Found a snail-covered altar of Cheibriados.
 17864 | D:14     | 17864 ||| Stepping ~*~*~tactically~*~*~ (hiding).
 18003 | D:14     | 18003 ||| INVOKING Heroism.
 18005 | D:14     | 18005 ||| Stepping ~*~*~tactically~*~*~ (hiding).
 18158 | D:14     | Received a gift from Okawaru
 18190 | D:14     | Reached skill level 12 in Fighting
 18271 | D:14     | 18271 ||| Stepping ~*~*~tactically~*~*~ (stealth).
 18273 | D:14     | 18273 ||| Stepping ~*~*~tactically~*~*~ (stealth).
 18276 | D:14     | 18276 ||| Stepping ~*~*~tactically~*~*~ (stealth).
 18278 | D:14     | 18278 ||| Stepping ~*~*~tactically~*~*~ (stealth).
 18280 | D:14     | 18280 ||| Stepping ~*~*~tactically~*~*~ (stealth).
 18282 | D:14     | 18282 ||| INVOKING Heroism.
 18283 | D:14     | 18283 ||| Stepping ~*~*~tactically~*~*~ (stealth).
 18285 | D:14     | 18285 ||| Stepping ~*~*~tactically~*~*~ (stealth).
 18410 | D:14     | Identified the +9 dagger of the Omega Point {vorpal,
                  | *Corrode Str+3 Dex+3}
 18520 | D:15     | Entered Level 15 of the Dungeon
 18641 | D:15     | 18641 ||| Stepping ~*~*~tactically~*~*~ (stealth).
 18742 | D:15     | Found Taxuwaitz's Distillery.
 18750 | D:15     | 18750 ||| BUYING 2 potions of attraction (78 gold).
 18750 | D:15     | Bought 2 potions of attraction for 78 gold pieces
 18750 | D:15     | 18750 ||| BUYING potion of attraction (39 gold).
 18750 | D:15     | Bought a potion of attraction for 39 gold pieces
 18750 | D:15     | 18750 ||| BUYING potion of curing (39 gold).
 18750 | D:15     | Bought a potion of curing for 39 gold pieces
 18750 | D:15     | 18750 ||| BUYING potion of curing (39 gold).
 18750 | D:15     | Bought a potion of curing for 39 gold pieces
 18750 | D:15     | 18750 ||| BUYING potion of haste (130 gold).
 18750 | D:15     | Bought a potion of haste for 130 gold pieces
 18750 | D:15     | 18750 ||| BUYING potion of resistance (130 gold).
 18750 | D:15     | Bought a potion of resistance for 130 gold pieces
 18869 | D:15     | 18869 ||| Stepping ~*~*~tactically~*~*~ (stealth).
 18871 | D:15     | 18871 ||| READING 6 scrolls of teleportation.
 18872 | D:15     | 18872 ||| FLEEEEING.
 18881 | D:15     | 18881 ||| Stepping ~*~*~tactically~*~*~ (hiding).
 18883 | D:15     | 18883 ||| Stepping ~*~*~tactically~*~*~ (hiding).
 18925 | D:15     | Found a hazy altar of Hepliaklqana.
 18965 | D:15     | 18965 ||| Stepping ~*~*~tactically~*~*~ (stealth).
 18979 | D:15     | 18979 ||| INVOKING Heroism.
 18980 | D:15     | 18980 ||| Stepping ~*~*~tactically~*~*~ (stealth).
 18984 | D:15     | 18984 ||| READING 5 scrolls of teleportation.
 19327 | D:15     | 19327 ||| Stepping ~*~*~tactically~*~*~ (stealth).
 19328 | D:15     | 19328 ||| Stepping ~*~*~tactically~*~*~ (stealth).
 19336 | D:15     | 19336 ||| INVOKING Heroism.
 19337 | D:15     | 19337 ||| READING 4 scrolls of teleportation.
 19434 | D:15     | 19434 ||| Stepping ~*~*~tactically~*~*~ (stealth).
 19437 | D:15     | 19437 ||| Stepping ~*~*~tactically~*~*~ (stealth).
 19439 | D:15     | 19439 ||| Stepping ~*~*~tactically~*~*~ (hiding).
 19474 | D:15     | 19474 ||| INVOKING Heroism.
 19479 | D:15     | 19479 ||| Stepping ~*~*~tactically~*~*~ (stealth).
 19501 | D:15     | Received a gift from Okawaru
 19517 | D:15     | Found a staircase to the Depths.
 19615 | D:15     | 19615 ||| Stepping ~*~*~tactically~*~*~ (stealth).
 19617 | D:15     | 19617 ||| Stepping ~*~*~tactically~*~*~ (stealth).
 19619 | D:15     | 19619 ||| Stepping ~*~*~tactically~*~*~ (stealth).
 19622 | D:15     | 19622 ||| INVOKING Heroism.
 19861 | D:15     | 19861 ||| PLANNING ORC
 20000 | Orc:1    | Entered Level 1 of the Orcish Mines
 20000 | Orc:1    | Found a radiant altar of Vehumet.
 20005 | Orc:1    | 20005 ||| Stepping ~*~*~tactically~*~*~ (hiding).
 20006 | Orc:1    | 20006 ||| Stepping ~*~*~tactically~*~*~ (hiding).
 20015 | Orc:1    | 20015 ||| Stepping ~*~*~tactically~*~*~ (hiding).
 20018 | Orc:1    | 20018 ||| Stepping ~*~*~tactically~*~*~ (hiding).
 20020 | Orc:1    | 20020 ||| INVOKING Heroism.
 20038 | Orc:1    | Reached skill level 16 in Axes
 20038 | Orc:1    | 20038 ||| Stepping ~*~*~tactically~*~*~ (hiding).
 20046 | Orc:1    | Noticed an orc warlord
 20047 | Orc:1    | 20047 ||| INVOKING Finesse.
 20052 | Orc:1    | 20052 ||| Stepping ~*~*~tactically~*~*~ (hiding).
 20058 | Orc:1    | Killed an orc warlord
 20277 | Orc:2    | Entered Level 2 of the Orcish Mines
 20322 | Orc:2    | 20322 ||| Stepping ~*~*~tactically~*~*~ (hiding).
 20328 | Orc:2    | 20328 ||| INVOKING Heroism.
 20342 | Orc:2    | 20342 ||| Stepping ~*~*~tactically~*~*~ (hiding).
 20345 | Orc:2    | Reached skill level 3 in Throwing
 20371 | Orc:2    | Received a gift from Okawaru
 20374 | Orc:2    | HP: 21/96 [orc warrior/+0 halberd (9)]
 20375 | Orc:2    | 20375 ||| READING 3 scrolls of teleportation.
 20375 | Orc:2    | HP: 8/96 [orc knight/+1 battleaxe (9)]
 20375 | Orc:2    | HP: 3/96 [orc warrior/+0 halberd (5)]
 20376 | Orc:2    | 20376 ||| DRINKING 6 potions of heal wounds.
 20377 | Orc:2    | 20377 ||| DRINKING 5 potions of heal wounds.
 20378 | Orc:2    | 20378 ||| INVOKING Heroism.
 20379 | Orc:2    | 20379 ||| Stepping ~*~*~tactically~*~*~ (hiding).
 20381 | Orc:2    | 20381 ||| Stepping ~*~*~tactically~*~*~ (hiding).
 20428 | Orc:2    | 20428 ||| Stepping ~*~*~tactically~*~*~ (hiding).
 20444 | Orc:2    | 20444 ||| Stepping ~*~*~tactically~*~*~ (hiding).
 20448 | Orc:2    | 20448 ||| Stepping ~*~*~tactically~*~*~ (hiding).
 20500 | Orc:2    | 20500 ||| Stepping ~*~*~tactically~*~*~ (stealth).
 20513 | Orc:2    | 20513 ||| Stepping ~*~*~tactically~*~*~ (stealth).
 20514 | Orc:2    | 20514 ||| Stepping ~*~*~tactically~*~*~ (stealth).
 20516 | Orc:2    | 20516 ||| Stepping ~*~*~tactically~*~*~ (hiding).
 20520 | Orc:2    | 20520 ||| INVOKING Heroism.
 20547 | Orc:2    | 20547 ||| Stepping ~*~*~tactically~*~*~ (stealth).
 20549 | Orc:2    | 20549 ||| Stepping ~*~*~tactically~*~*~ (hiding).
 20559 | Orc:2    | 20559 ||| INVOKING Heroism.
 20575 | Orc:2    | 20575 ||| Stepping ~*~*~tactically~*~*~ (stealth).
 20577 | Orc:2    | 20577 ||| Stepping ~*~*~tactically~*~*~ (hiding).
 20585 | Orc:2    | Reached XP level 16. HP: 101/101 MP: 23/23
 20592 | Orc:2    | 20592 ||| Stepping ~*~*~tactically~*~*~ (hiding).
 20596 | Orc:2    | 20596 ||| Stepping ~*~*~tactically~*~*~ (hiding).
 20622 | Orc:2    | 20622 ||| Stepping ~*~*~tactically~*~*~ (stealth).
 20643 | Orc:2    | 20643 ||| Stepping ~*~*~tactically~*~*~ (hiding).
 20644 | Orc:2    | 20644 ||| Stepping ~*~*~tactically~*~*~ (hiding).
 20650 | Orc:2    | 20650 ||| INVOKING Heroism.
 20669 | Orc:2    | 20669 ||| Stepping ~*~*~tactically~*~*~ (stealth).
 20670 | Orc:2    | 20670 ||| Stepping ~*~*~tactically~*~*~ (stealth).
 20674 | Orc:2    | 20674 ||| INVOKING Heroism.
 20687 | Orc:2    | 20687 ||| Stepping ~*~*~tactically~*~*~ (stealth).
 20760 | Orc:2    | Found a gateway to a bazaar.
 20767 | Orc:2    | 20767 ||| Stepping ~*~*~tactically~*~*~ (hiding).
 20768 | Orc:2    | 20768 ||| Stepping ~*~*~tactically~*~*~ (hiding).
 20790 | Orc:2    | Found a staircase to the Elven Halls.
 20890 | Orc:2    | 20890 ||| Stepping ~*~*~tactically~*~*~ (hiding).
 20891 | Orc:2    | 20891 ||| INVOKING Heroism.
 20897 | Orc:2    | Found Vafox's Weapon Emporium.
 20897 | Orc:2    | Found Poteni's Antique Weapon Boutique.
 20901 | Orc:2    | HP: 25/101 [orc knight/+2 dire flail (18)]
 20902 | Orc:2    | 20902 ||| READING 2 scrolls of teleportation.
 20974 | Orc:2    | 20974 ||| BUYING runed morningstar (259 gold).
 20974 | Orc:2    | Bought a runed morningstar for 259 gold pieces
 20974 | Orc:2    | 20974 ||| DROPPING +0 vorpal morningstar.
 21023 | Orc:2    | Found Torr's Magic Scroll Emporium.
 21023 | Orc:2    | Found Ynapn's Assorted Antiques.
 21029 | Orc:2    | 21029 ||| BUYING scroll of blinking (112 gold).
 21029 | Orc:2    | Bought a scroll of blinking for 112 gold pieces
 21029 | Orc:2    | 21029 ||| BUYING scroll of teleportation (45 gold).
 21029 | Orc:2    | Bought a scroll of teleportation for 45 gold pieces
 21038 | Orc:2    | 21038 ||| BUYING potion of resistance (380 gold).
 21038 | Orc:2    | Bought a potion of resistance for 380 gold pieces
 21115 | Orc:2    | 21115 ||| Stepping ~*~*~tactically~*~*~ (stealth).
 21123 | Orc:2    | 21123 ||| Stepping ~*~*~tactically~*~*~ (hiding).
 21126 | Orc:2    | 21126 ||| Stepping ~*~*~tactically~*~*~ (hiding).
 21130 | Orc:2    | 21130 ||| INVOKING Heroism.
 21302 | Orc:1    | 21302 ||| INVOKING Heroism.
 21527 | Orc:1    | 21527 ||| INVOKING Heroism.
 21531 | Orc:1    | Noticed Harold
 21545 | Orc:1    | Killed Harold
 21655 | Orc:1    | 21655 ||| PLANNING SHOALS:1-3
 21872 | Shoals:1 | Entered Level 1 of the Shoals
 21913 | Shoals:1 | Received a gift from Okawaru
 21922 | Shoals:1 | 21922 ||| Stepping ~*~*~tactically~*~*~ (hiding).
 22033 | Shoals:1 | 22033 ||| INVOKING Heroism.
 22122 | Shoals:1 | 22122 ||| INVOKING Heroism.
 22180 | Shoals:1 | 22180 ||| INVOKING Heroism.
 22313 | Shoals:1 | Found a runed translucent gate.
 22313 | Shoals:1 | Found a runed translucent gate.
 22313 | Shoals:1 | Noticed Qatuad's ghost (adept GnFi)
 22337 | Shoals:1 | Found a runed translucent gate.
 22342 | Shoals:1 | 22342 ||| INVOKING Heroism.
 22343 | Shoals:1 | 22343 ||| INVOKING Finesse.
 22345 | Shoals:1 | Found Ovvediut's Magic Scroll Emporium.
 22474 | Shoals:1 | 22474 ||| Stepping ~*~*~tactically~*~*~ (hiding).
 22478 | Shoals:1 | 22478 ||| INVOKING Heroism.
 22489 | Shoals:1 | Received a gift from Okawaru
 22814 | Shoals:1 | 22814 ||| READING 19 scrolls of identify.
 22814 | Shoals:1 | 22814 ||| IDENTIFYING fuming orange potion
 22832 | Shoals:2 | 22832 ||| Stepping ~*~*~tactically~*~*~ (stealth).
 22837 | Shoals:2 | 22837 ||| INVOKING Heroism.
 22849 | Shoals:2 | Reached skill level 17 in Axes
 22907 | Shoals:2 | Found Imoavoy's Distillery.
 22916 | Shoals:2 | 22916 ||| BUYING potion of curing (54 gold).
 22916 | Shoals:2 | Bought a potion of curing for 54 gold pieces
 22916 | Shoals:2 | 22916 ||| BUYING potion of heal wounds (90 gold).
 22916 | Shoals:2 | Bought a potion of heal wounds for 90 gold pieces
 22916 | Shoals:2 | 22916 ||| BUYING potion of lignification (54 gold).
 22916 | Shoals:2 | Bought a potion of lignification for 54 gold pieces
 22916 | Shoals:2 | 22916 ||| BUYING potion of might (72 gold).
 22916 | Shoals:2 | Bought a potion of might for 72 gold pieces
 22916 | Shoals:2 | 22916 ||| BUYING potion of mutation (144 gold).
 22916 | Shoals:2 | Bought a potion of mutation for 144 gold pieces
 22916 | Shoals:2 | 22916 ||| INVOKING Heroism.
 22917 | Shoals:2 | 22917 ||| Stepping ~*~*~tactically~*~*~ (hiding).
 22953 | Shoals:2 | 22953 ||| INVOKING Heroism.
 22953 | Shoals:2 | HP: 25/101 [faun/sling bullet[a satyr] (13)]
 22954 | Shoals:2 | 22954 ||| READING 2 scrolls of teleportation.
 22955 | Shoals:2 | 22955 ||| DRINKING 5 potions of heal wounds.
 23017 | Shoals:2 | 23017 ||| INVOKING Heroism.
 23033 | Shoals:2 | Received a gift from Okawaru
 23255 | Shoals:2 | 23255 ||| Stepping ~*~*~tactically~*~*~ (stealth).
 23299 | Shoals:2 | 23299 ||| INVOKING Heroism.
 23315 | Shoals:2 | Received a gift from Okawaru
 23324 | Shoals:2 | HP: 15/104 [faun/+0 spear (18)]
 23324 | Shoals:2 | HP: 1/104 [merfolk/+0 trident[a merfolk impaler] (14)]
 23325 | Shoals:2 | 23325 ||| READING scroll of teleportation.
 23325 | Shoals:2 | Mangled by a merfolk impaler

Levels and vault maps discovered:
D:1:      wheals_arrival_linesprint, layout_basic
D:2:      layout_basic, serial_undead, serial_undead_e, serial_undead_a,
          serial_undead_e, serial_undead_d, serial_undead_f,
          minmay_split_cup_small
D:3:      layout_basic, dreamdust_ecumenical_altar_hidden_monk_grotto
D:4:      layout_layer_cave, tgw_trog, minmay_temple_entry_ruins
D:5:      layout_basic, nicolae_shop_gadgets, uniq_ijyb, uniq_sigmund
D:6:      hangedman_cross_stitches, layout_gridville, okawaru_altar_gauntlet_db,
          portal_sewer_entry_b, st_stairs_10
D:7:      layout_rooms, uniq_joseph
D:8:      layout_rooms, uniq_psyche, uniq_maggie
D:9:      layout_stronghold, gammafunk_temple_overflow_statue, lair_entry_dummy,
          orc_0_dummy
D:10:     kennysheep_big_flooded_room, layout_stronghold, minmay_ruined_shrine
D:11:     layout_roguey, minmay_statues_item, ashenzari_conservatory_becter,
          uniq_maurice
D:12:     layout_irregular_city, drop_trap
D:13:     layout_stronghold, david_vaults_4, st_stairs_14
D:14:     layout_basic, kennysheep_slug_shrine, uniq_nessos
D:15:     gammafunk_enter_depths_forms, layout_loops_corners,
          nicolae_hepliaklqana_hippocampus, serial_shops, shop,
          grunt_ministairs_6
Temple:   regret_index_temple_chain_breaker
Lair:1:   layout_regular_city, gammafunk_ghost_berserking_beasts,
          minmay_stone_trees_medium, grunt_megastairs_3
Lair:2:   layout_cave_pods, minmay_shoals_entry_centaurs
Lair:3:   gammafunk_boulding_lane, layout_gridlike,
          hellmonk_spider_entry_life_and_decay, minivault_24, lemuel_fruit_tree,
          serial_bayou_shore_a, infiniplex_staircase_pool_2, uniq_amaemon
Lair:4:   layout_roguey, minmay_slime_entry_oklob_enclosed, uniq_sonja
Lair:5:   wormcave, layout_layer_cave, wad_woods_02
Shoals:1: layout_shoals, gammafunk_ghost_split, serial_shops, shop_statue
Shoals:2: layout_shoals, serial_shops, nicolae_shop_stone,
          hangedman_shoals_cup_caves
Orc:1:    layout_caves, basic_altar, uniq_harold
Orc:2:    st_orc_town, layout_caves, serial_shops, bzr_entry_islet

Skill      XL: |  1  2  3  4  5  6  7  8  9 10 11 12 13 14 15 16 |
---------------+-------------------------------------------------+-----
Axes           | 2 3 4 5 6 7 8 10 11 12 14 16 17 | 17.0
Shields        | 4 13 | 13.6
Armour         | 4 5 6 7 8 9 11 13 14 | 14.3
Fighting       | 4 5 6 7 8 10 11 12 13 | 13.0
Dodging        | 1 2 3 |  3.0
Throwing       | 1 2 4 5 |  5.0
Invocations    | 4 6 10 | 10.0

Action                   |  1- 3 |  4- 6 |  7- 9 | 10-12 | 13-15 | 16-18 || total
-------------------------+-------+-------+-------+-------+-------+-------++-------
Melee: War axe           |   105 |   140 |   307 |   397 |   215 |       ||  1164
       Flail             |       |       |       |    33 |     9 |       ||    42
       Demon whip        |       |       |       |       |    36 |       ||    36
       Broad axe         |       |       |       |       |   901 |   398 ||  1299
Throw: Boomerang         |     2 |    76 |    61 |   121 |   141 |    21 ||   422
       Javelin           |       |       |       |       |     5 |    19 ||    24
Invok: Heroism           |       |       |       |    25 |    43 |    16 ||    84
       Finesse           |       |       |       |     2 |     7 |     1 ||    10
  Use: Scroll            |     6 |    10 |     6 |     6 |     7 |     4 ||    39
       Potion            |       |     2 |     2 |       |     4 |     1 ||     9
Armor: Scale mail        |    28 |       |       |       |       |       ||    28
       Crystal plate arm |    31 |   123 |   194 |   221 |   626 |   236 ||  1431
Dodge: Dodged            |    38 |    19 |    40 |    90 |   193 |    98 ||   478
Block: Buckler           |    15 |       |       |       |       |       ||    15
       Kite shield       |    10 |    52 |   166 |   251 |   616 |   255 ||  1350

Table legend:
 A = Non-vault XP
 B = Vault XP
 C = Vault XP percentage of total XP
 D = Non-vault monster count
 E = Vault monster count
 F = Vault count percentage of total count
                 A         B        C        D         E       F
            +---------+---------+-------+---------+---------+-------
      Total |  126181 |   40156 |  24.1 |     601 |     193 |  24.3
            +---------+---------+-------+---------+---------+-------
        D:1 |      51 |       0 |   0.0 |      28 |       0 |   0.0
        D:2 |      59 |      16 |  21.3 |      22 |      10 |  31.2
        D:3 |      67 |       0 |   0.0 |      23 |       0 |   0.0
        D:4 |      53 |      13 |  19.7 |      15 |       5 |  25.0
        D:5 |     717 |     275 |  27.7 |      21 |       2 |   8.7
        D:6 |     994 |    1238 |  55.5 |      14 |      26 |  65.0
        D:7 |     987 |     481 |  32.8 |      21 |       1 |   4.5
        D:8 |    1932 |     788 |  29.0 |      16 |       2 |  11.1
        D:9 |    5340 |     430 |   7.5 |      42 |       2 |   4.5
       D:10 |    1920 |    2542 |  57.0 |      14 |       6 |  30.0
       D:11 |    4896 |     462 |   8.6 |      27 |       1 |   3.6
       D:12 |    7066 |       0 |   0.0 |      26 |       0 |   0.0
       D:13 |    8867 |    3179 |  26.4 |      22 |       5 |  18.5
       D:14 |   13439 |    1051 |   7.3 |      26 |       2 |   7.1
       D:15 |    5632 |    5201 |  48.0 |      15 |      11 |  42.3
     Lair:1 |    9198 |     740 |   7.4 |      32 |       5 |  13.5
     Lair:2 |    6438 |     449 |   6.5 |      25 |       4 |  13.8
     Lair:3 |    7793 |    1681 |  17.7 |      24 |       4 |  14.3
     Lair:4 |    5805 |    1332 |  18.7 |      19 |       2 |   9.5
     Lair:5 |    9868 |    6922 |  41.2 |      29 |      22 |  43.1
   Shoals:1 |   15356 |       0 |   0.0 |      32 |       0 |   0.0
   Shoals:2 |   10580 |    2547 |  19.4 |      24 |       6 |  20.0
      Orc:1 |    6216 |     892 |  12.5 |      55 |       1 |   1.8
      Orc:2 |    2907 |    9649 |  76.8 |      29 |      57 |  66.3
      Sewer |       0 |     268 | 100.0 |       0 |      19 | 100.0
            +---------+---------+-------+---------+---------+-------
